Map: Thunderbird LE

Players

HeroMarine

  • Race: Terran Terran
  • League: Master
  • Spawn Location: 5:00

Harstem - Winner!

  • Race: Protoss Protoss
  • League: Grandmaster
  • Spawn Location: 11:00

Event: HomeStory Cup XX

VOD

Have the link to the VOD?

Description

Time

  • Played on: Nov. 21, 2019, 3:41 p.m.
  • Length: 15:21

All games in this series

Show
View Real Time Build Order
Export as new Build Order

HeroMarine Terran 

Build Orders: Reaper Expand 

Get SALT Encoding   

  12  0:00  SCV  
  13  0:12  SCV  
  14  0:17  Supply Depot  
  14  0:25  SCV  
  15  0:38  SCV  
  15  0:40  Barracks  
  16  0:44  Refinery  
  16  0:50  SCV  
  17  1:02  SCV  
  18  1:15  SCV  
  19  1:27  Orbital Command, Reaper  
  20  1:39  Command Center  
  20  1:46  Supply Depot  
  20  1:53  SCV  
  21  2:00  Marine, Bunker  
  22  2:05  SCV  
  23  2:12  Factory  
  23  2:17  SCV  
  23  2:21  Refinery  
  24  2:25  Barracks Reactor  
  24  2:29  SCV  
  25  2:41  SCV  
  26  2:51  Orbital Command  
  26  2:53  SCV  
  26  2:57  Starport  
  27  2:59  Widow Mine  
  27  3:01  Marine x2  
  32  3:05  SCV  
  32  3:16  SCV  
  32  3:19  Marine x2  
  35  3:20  Widow Mine  
  35  3:22  SCV  
  35  3:25  Supply Depot  
  38  3:28  SCV  
  39  3:34  Medivac  
  39  3:35  SCV  
  39  3:37  Marine x2  
  39  3:41  SCV  
  45  3:43  Factory Tech Lab  
  45  3:47  Supply Depot, SCV  
  46  3:53  SCV  
  46  3:55  Marine x2  
  49  3:59  SCV  
  53  4:02  Siege Tank  
  53  4:04  Refinery  
  53  4:05  SCV  
  53  4:06  Starport Tech Lab  
  54  4:11  SCV  
  54  4:12  Marine  
  54  4:13  Marine  
  54  4:16  Supply Depot  
  57  4:17  SCV  
  57  4:23  SCV  
  59  4:28  Raven  
  59  4:29  SCV  
  62  4:36  Command Center  
  62  4:37  SCV  
  65  4:40  Supply Depot  
  65  4:42  SCV  
  63  4:47  Barracks  
  63  4:49  SCV  
  63  4:52  Marine  
  62  4:54  SCV  
  60  5:01  SCV  
  60  5:03  Engineering Bay  
  60  5:06  SCV  
  58  5:10  Marine  
  58  5:14  SCV  
  57  5:18  SCV  
  58  5:22  Stimpack  
  58  5:26  SCV  
  58  5:28  Marine  
  59  5:31  SCV  
  59  5:34  Barracks  
  59  5:35  Missile Turret, Barracks  
  61  5:36  Terran Infantry Weapons Level 1  
  61  5:38  SCV  
  62  5:43  SCV  
  62  5:46  Marine  
  64  5:50  SCV  
  64  5:52  Factory Reactor  
  64  5:55  SCV  
  66  5:57  Starport Reactor  
  66  6:03  SCV  
  66  6:04  Marine  
  63  6:06  Orbital Command  
  63  6:07  SCV  
  65  6:15  SCV  
  66  6:19  SCV  
  66  6:22  Marauder  
  69  6:27  Marine x2, SCV  
  69  6:31  SCV  
  74  6:41  Combat Shield  
  74  6:42  Marauder, Refinery  
  74  6:43  Marauder, Medivac  
  74  6:44  Viking, Orbital Command  
  74  6:45  Marine  
  74  6:46  SCV x2  
  83  6:53  Marine, Supply Depot  
  83  6:54  Supply Depot  
  84  6:58  SCV x2  
  86  7:03  Marine, Missile Turret  
  86  7:05  Marauder x2  
  91  7:10  SCV x2  
  91  7:14  Medivac x2  
  91  7:15  SCV  
  98  7:19  Marine  
  98  7:21  Marine  
  98  7:22  SCV x2  
  102  7:26  Marauder x2  
  102  7:27  SCV  
  107  7:30  Terran Infantry Armor Level 1  
  107  7:34  SCV x2  
  107  7:35  Barracks  
  107  7:36  Barracks  
  109  7:44  Supply Depot  
  109  7:45  Supply Depot  
  109  7:46  Marine x2, SCV x2  
  109  7:48  Refinery  
  109  7:49  Refinery  
  109  7:51  SCV  
  114  7:54  Marauder  
  117  7:58  SCV, Armory  
  117  8:00  Engineering Bay  
  117  8:05  Marine x2, Widow Mine x2, Marauder  
  125  8:08  Medivac x2  
  125  8:10  Supply Depot  
  125  8:12  SCV x2  
  131  8:14  SCV  
  131  8:17  Missile Turret  
  132  8:20  Concussive Shells  
  132  8:24  SCV  
  132  8:26  Barracks Tech Lab, Barracks Reactor  
  133  8:29  Supply Depot  
  133  8:30  Supply Depot  
  133  8:32  Marauder x2, SCV  
  138  8:38  SCV  
  138  8:39  SCV  
  137  8:44  SCV  
  135  8:49  Terran Infantry Weapons Level 2, Marine  
  135  8:50  Marine, SCV  
  135  8:53  SCV  
  131  8:56  SCV  
  131  9:02  Marauder  
  127  9:03  Marauder x2, SCV  
  127  9:05  SCV  
  127  9:08  SCV  
  134  9:14  Terran Vehicle And Ship Armor Level 1  
  134  9:15  SCV  
  135  9:17  Ghost Academy  
  135  9:18  SCV  
  135  9:19  Command Center  
  135  9:20  Marine  
  135  9:23  Marine x2  
  135  9:24  Marauder  
  141  9:26  Marauder, SCV  
  141  9:28  SCV  
  141  9:30  SCV  
  146  9:31  Supply Depot  
  146  9:40  Marauder, Marine  
  146  9:45  Supply Depot  
  149  9:46  Supply Depot x2  
  149  9:52  Marine  
  149  9:53  Marauder  
  149  9:55  Marauder  
  149  9:56  Marine  
  152  10:04  Marauder, Marine x2  
  152  10:08  SCV  
  152  10:09  SCV x2  
  151  10:15  Liberator  
  151  10:17  Marauder x2, Liberator  
  151  10:18  Terran Infantry Armor Level 2  
  151  10:19  Enhanced Shockwaves  
  151  10:21  SCV x2  
  156  10:23  Marine x2  
  156  10:24  Ghost  
  161  10:31  Starport  
  161  10:32  Fusion Core  
  161  10:33  Marine x2  
  169  10:38  Ghost x2  
  169  10:41  Marine  
  174  10:49  SCV x3  
  177  10:53  Marine x2  
  177  10:54  Marine x2  
  181  11:00  Marine, Refinery  
  181  11:01  SCV x2  
  181  11:02  SCV  
  165  11:05  Refinery  
  165  11:06  Ghost x2  
  165  11:07  Liberator  
  165  11:11  Planetary Fortress, Marine x2  
  169  11:12  Marine, Missile Turret  
  169  11:13  Viking  
  169  11:14  Viking  
  176  11:19  Marauder  
  176  11:21  Liberator  
  181  11:31  Marine  
  175  11:35  Marauder  
  175  11:36  Marauder  
  175  11:37  Marine x2  
  178  11:40  Marauder  
  180  11:48  Viking x2  
  184  11:57  Marauder x2  
  188  12:02  Marine x3, Marauder  
  188  12:04  Marine  
  188  12:07  Viking  
  174  12:17  SCV x2  
  174  12:18  Marauder x2, Viking, SCV  
  174  12:19  Marine x2  
  174  12:21  Advanced Ballistics  
  183  12:29  SCV  
  180  12:31  Marauder, SCV  
  160  12:37  Liberator x2  
  160  12:38  Liberator  
  160  12:40  Marauder  
  160  12:41  Marauder  
  160  12:42  Liberator  
  149  12:50  Marine x2  
  134  12:51  Marine x2, Orbital Command  
  134  12:52  Marauder  
  134  12:53  SCV x3  
  133  13:01  Marauder  
  133  13:02  Marauder  
  136  13:08  Marine x2  
  136  13:09  Marine x2  
  143  13:14  Marauder  
  143  13:16  Supply Depot x2  
  142  13:20  Liberator x2  
  142  13:28  Marine x2  
  142  13:29  Marine x4, Orbital Command  
  143  13:35  Marine  
  143  13:36  SCV  
  143  13:37  SCV  
  143  13:38  SCV  
  151  13:45  Liberator  
  151  13:46  Liberator  
  151  13:47  Marauder  
  148  13:49  SCV x2  
  148  13:50  SCV  
  148  13:53  Missile Turret  
  150  14:04  Marauder x2  
  150  14:08  Marine x2  
  150  14:09  Marauder  
  152  14:11  Marine x2  
  154  14:25  Marauder, Marine  
  157  14:45  Marine  
  157  14:47  Marine  
  157  14:49  Marine  
  157  14:50  Marine  
  156  14:53  Marauder  
  156  14:54  Marauder  
  156  14:55  Marauder  
  156  15:02  Marine  
Show
View Real Time Build Order
Export as new Build Order

Harstem Protoss - Winner!

Build Orders: 1 Gate Expand, Zealot Archon, Archon Drop, Dark Templar Rush 

Get SALT Encoding   

  12  0:00  Probe  
  13  0:12  Probe  
  14  0:18  Pylon  
  14  0:24  Probe  
  15  0:29  Assimilator  
  15  0:33  Probe  
  15  0:41  Probe  
  16  0:47  Gateway  
  17  0:51  Probe  
  18  1:03  Probe  
  19  1:15  Probe  
  20  1:23  Nexus  
  20  1:34  Cybernetics Core  
  20  1:35  Probe  
  21  1:40  Assimilator  
  21  1:47  Probe  
  21  1:50  Pylon  
  22  1:59  Probe  
  22  2:00  Adept  
  23  2:11  Warp Gate, Probe  
  26  2:16  Twilight Council  
  26  2:20  Stalker  
  26  2:24  Probe  
  27  2:36  Probe x2  
  30  2:43  Robotics Facility  
  30  2:46  Probe  
  30  2:48  Probe  
  32  2:54  Probe  
  33  3:00  Probe  
  33  3:02  Probe  
  34  3:09  Dark Shrine  
  34  3:12  Probe  
  36  3:14  Probe  
  36  3:18  Gateway  
  37  3:22  Gateway  
  37  3:24  Warp Prism  
  37  3:35  Probe  
  37  3:39  Probe  
  41  3:47  Probe  
  42  3:49  Probe  
  43  3:57  Pylon, Probe  
  43  3:59  Probe  
  43  4:01  Pylon  
  45  4:07  Probe  
  45  4:09  Nexus  
  45  4:15  Probe  
  47  4:17  Assimilator  
  48  4:28  Dark Templar x3  
  48  4:29  Observer  
  48  4:30  Probe  
  54  4:32  Pylon, Probe  
  56  4:39  Pylon  
  56  4:51  Probe  
  57  4:53  Probe  
  45  5:02  Probe  
  45  5:03  Probe  
  47  5:09  Stalker x3  
  47  5:10  Probe  
  47  5:12  Forge  
  47  5:13  Forge  
  51  5:15  Probe  
  51  5:19  Probe  
  53  5:23  Probe  
  53  5:26  Probe  
  56  5:29  Probe  
  56  5:32  Dark Templar  
  56  5:33  Archon  
  56  5:34  Dark Templar, Probe  
  56  5:35  Probe  
  62  5:37  Probe  
  62  5:38  Archon  
  62  5:42  Probe  
  64  5:45  Protoss Ground Armor Level 1, Probe, Protoss Ground Weapons Level 1  
  64  5:47  Probe  
  67  5:53  Probe  
  67  5:54  Probe  
  66  5:59  Probe  
  66  6:02  Probe  
  68  6:06  Probe  
  70  6:11  Probe  
  70  6:13  Probe  
  70  6:15  Charge  
  72  6:18  Probe  
  72  6:23  Probe  
  75  6:25  Probe  
  75  6:30  Probe, Gateway  
  75  6:32  Gateway  
  76  6:34  Gateway  
  76  6:37  Probe  
  78  6:41  Sentry, Zealot x2  
  78  6:43  Probe  
  78  6:44  Pylon  
  78  6:47  Gateway  
  85  6:50  Probe, Gateway  
  85  6:55  Probe  
  85  6:56  Probe  
  85  6:58  Assimilator, Probe  
  85  7:01  Assimilator  
  87  7:02  Assimilator  
  87  7:06  Observer, Probe  
  87  7:07  Probe  
  90  7:08  Robotics Bay, Probe  
  90  7:09  Zealot x2  
  90  7:10  Pylon  
  90  7:13  Pylon  
  96  7:18  Pylon, Probe  
  96  7:19  Probe  
  96  7:21  Probe  
  99  7:30  Probe  
  99  7:35  Probe  
  101  7:37  Robotics Facility  
  101  7:38  Sentry, Zealot x5  
  113  7:44  Protoss Ground Weapons Level 2  
  113  7:46  Protoss Ground Armor Level 2  
  113  7:48  Pylon  
  111  7:54  Colossus  
  111  7:56  Blink  
  111  7:59  Nexus  
  117  8:07  Probe  
  118  8:15  Extended Thermal Lance  
  118  8:17  Disruptor  
  118  8:18  Pylon  
  118  8:19  Zealot x2  
  122  8:21  Dark Templar  
  122  8:23  Pylon  
  125  8:35  Zealot x4  
  131  8:44  Zealot x3  
  131  8:48  Disruptor  
  135  8:53  Colossus  
  135  8:54  Probe  
  135  8:56  Probe  
  135  8:57  Probe  
  127  9:05  Dark Templar x2  
  127  9:06  Probe, Zealot  
  127  9:08  Probe  
  141  9:16  Stalker x3  
  147  9:18  Archon  
  147  9:22  Zealot x2  
  149  9:26  Colossus  
  155  9:36  Stalker  
  157  9:43  Stalker x3  
  163  9:47  Pylon  
  163  9:49  Pylon  
  157  9:53  Probe  
  157  9:56  Probe  
  152  10:04  Zealot x2  
  156  10:08  Zealot x5  
  156  10:10  Probe  
  156  10:11  Probe  
  156  10:12  Probe, Protoss Ground Armor Level 3, Protoss Ground Weapons Level 3  
  161  10:14  Probe  
  161  10:19  Photon Cannon  
  160  10:22  Probe  
  160  10:23  Probe  
  160  10:24  Probe  
  160  10:26  Probe  
  164  10:32  Pylon, Stalker x4  
  172  10:37  Gravitic Drive  
  172  10:43  Photon Cannon  
  172  10:50  Pylon, Warp Prism  
  172  10:53  Pylon x2  
  174  10:57  Stargate  
  174  11:02  Zealot x3  
  180  11:05  Probe  
  180  11:06  Assimilator  
  180  11:08  Assimilator  
  180  11:10  Pylon  
  179  11:14  Probe  
  179  11:17  Pylon, Dark Templar x2, Zealot x2, Nexus  
  188  11:19  Disruptor  
  188  11:24  Archon  
  175  11:33  Probe  
  175  11:37  Immortal  
  175  11:38  Zealot x6  
  188  11:41  Probe  
  189  11:51  Stalker x2  
  189  11:52  Probe  
  189  11:53  Probe  
  195  11:57  Gateway  
  195  11:58  Gateway  
  195  12:01  Stalker x2  
  193  12:14  Zealot x6  
  197  12:19  Probe  
  188  12:25  Fleet Beacon  
  188  12:28  Stargate  
  182  12:31  Stalker x2  
  182  12:41  Stalker x5  
  182  12:42  Stalker  
  157  12:51  Colossus  
  157  12:52  Zealot  
  157  12:55  Zealot x3  
  139  13:01  Colossus  
  147  13:05  Probe x2  
  147  13:06  Probe x3  
  152  13:14  Dark Templar  
  152  13:15  Sentry, Zealot x3  
  152  13:19  Zealot x2  
  166  13:33  Zealot x3  
  162  13:54  Stalker x10  
  162  13:55  Colossus  
  186  14:04  Tempest  
  186  14:07  Colossus  
  190  14:13  Probe  
  196  14:20  Pylon  
  196  14:22  Photon Cannon  
  196  14:24  Assimilator, Photon Cannon  
  196  14:26  Assimilator  
  194  14:35  Dark Templar x3  
  197  14:48  Dark Templar x2, Zealot  
  197  14:52  Dark Templar  
  195  15:16  Zealot  
  195  15:17  Zealot  
Tags
 
Add a new tag
Caveats
  • Supply blocks, unpowered buildings, or Contaminate may cause inaccurate times.
  • Supply counts are checked every 10 seconds.